Map: Hecate LE

Players

biubiubiu

  • Race: Terran Terran
  • League: Master
  • Spawn Location: 7:00

FIIClicK - Winner!

  • Race: Protoss Protoss
  • League: Diamond
  • Spawn Location: 1:00

VOD

Have the link to the VOD?

Description

Time

  • Played on: Nov. 27, 2023, 8:27 p.m.
  • Length: 8:28
Show
View Real Time Build Order
Export as new Build Order

biubiubiu Terran 

Build Orders: 2 Factory, Reaper Expand 

Get SALT Encoding   

  12  0:00  SCV  
  13  0:12  SCV  
  14  0:18  Supply Depot  
  14  0:25  SCV  
  15  0:40  Barracks, SCV  
  16  0:44  Refinery  
  16  0:52  SCV  
  17  1:04  SCV  
  18  1:16  SCV  
  19  1:27  Reaper  
  19  1:29  Orbital Command  
  20  1:39  Command Center  
  20  1:49  Supply Depot  
  20  1:55  SCV  
  21  2:04  Factory  
  21  2:07  SCV  
  22  2:13  Refinery  
  22  2:18  Bunker  
  22  2:19  SCV  
  23  2:30  Barracks Reactor  
  23  2:31  SCV  
  24  2:43  SCV  
  25  2:55  SCV  
  25  2:57  Orbital Command  
  26  3:02  Cyclone  
  28  3:08  SCV  
  28  3:09  Marine  
  28  3:10  Marine  
  30  3:13  Factory  
  30  3:20  SCV  
  30  3:24  SCV  
  32  3:27  Marine x2  
  32  3:32  SCV  
  35  3:36  Factory Tech Lab, SCV  
  36  3:44  Command Center, SCV  
  37  3:48  SCV  
  38  3:57  SCV  
  38  3:58  Cyclone  
  38  4:00  SCV  
  38  4:01  Factory  
  42  4:09  Supply Depot, SCV  
  43  4:12  Supply Depot, SCV  
  44  4:21  SCV  
  44  4:22  Refinery  
  44  4:23  Refinery  
  45  4:24  SCV  
  46  4:33  SCV  
  46  4:35  Cyclone x2  
  46  4:37  Cyclone, SCV  
  54  4:39  Barracks Reactor  
  54  4:45  SCV  
  55  4:49  SCV  
  55  4:51  Supply Depot  
  56  4:57  SCV, Orbital Command  
  56  4:58  Factory Reactor  
  57  5:01  SCV  
  58  5:09  SCV  
  58  5:13  Cyclone, SCV  
  58  5:14  Cyclone x2  
  31  5:37  SCV  
  31  5:39  Unknown  
  30  5:52  SCV  
  26  6:10  SCV x2  
  28  6:15  Cyclone x2  
  32  6:20  Cyclone  
  34  6:26  Bunker  
  34  6:27  SCV x2  
  34  6:28  SCV  
  39  6:32  Cyclone  
  39  6:33  Cyclone  
  39  6:39  SCV x2  
  43  6:40  SCV  
  44  6:51  SCV  
  44  6:52  Cyclone x3, SCV x2  
  53  7:03  SCV  
  53  7:04  SCV x2  
  53  7:06  Cyclone x2  
  60  7:16  SCV x3  
  51  7:24  Cyclone x2  
  51  7:25  Cyclone  
  38  7:38  Cyclone x2  
  25  8:08  SCV x3  
Show
View Real Time Build Order
Export as new Build Order

FIIClicK Protoss - Winner!

Build Orders: 1 Gate Expand 

Get SALT Encoding   

  12  0:00  Probe  
  13  0:12  Probe  
  14  0:17  Pylon  
  14  0:24  Probe (Chrono Boost)  
  16  0:37  Probe (Chrono Boost)  
  16  0:39  Gateway  
  16  0:42  Probe (Chrono Boost)  
  17  0:51  Probe  
  17  0:53  Assimilator  
  18  1:03  Probe  
  19  1:15  Probe  
  20  1:26  Cybernetics Core  
  20  1:32  Nexus  
  20  1:39  Pylon  
  20  1:41  Probe  
  21  1:47  Assimilator  
  21  1:54  Probe  
  22  1:59  Stalker (Chrono Boost)  
  22  2:03  Warp Gate  
  22  2:06  Probe  
  25  2:23  Twilight Council  
  25  2:26  Probe  
  28  2:33  Stalker  
  28  2:40  Probe (Chrono Boost)  
  29  2:46  Probe (Chrono Boost)  
  31  2:55  Probe x2 (Chrono Boost)  
  32  2:59  Shield Battery  
  32  3:02  Robotics Facility  
  32  3:11  Charge (Chrono Boost)  
  32  3:15  Probe x2  
  34  3:29  Gateway  
  34  3:32  Gateway  
  34  3:38  Probe x2  
  36  3:47  Gateway  
  36  3:49  Gateway  
  36  3:50  Gateway  
  36  3:52  Gateway  
  36  3:54  Warp Prism (Chrono Boost)  
  38  4:04  Gateway  
  38  4:11  Pylon  
  38  4:13  Pylon  
  38  4:14  Pylon  
  38  4:16  Pylon  
  38  4:20  Zealot  
  40  4:42  Zealot x4  
  48  4:45  Zealot  
  48  4:46  Zealot x2  
  54  5:06  Zealot x6  
  54  5:07  Zealot  
  64  5:28  Zealot x6  
  50  5:29  Zealot  
  50  6:01  Warp Prism (Chrono Boost)  
  50  6:03  Zealot x7  
  50  6:04  Zealot  
  58  6:24  Zealot x2  
  58  6:25  Zealot x5  
  70  6:26  Zealot  
  74  6:37  Pylon  
  74  6:38  Pylon  
  74  7:09  Zealot x5  
  74  7:10  Zealot x3  
  60  7:40  Zealot x6  
  60  7:41  Zealot x2  
  48  8:00  Zealot x2  
  48  8:01  Zealot x6  
  42  8:21  Zealot x8  
Tags
 
Add a new tag
Caveats
  • Supply blocks, unpowered buildings, or Contaminate may cause inaccurate times.
  • Supply counts are checked every 10 seconds.